 Dungeon Crawl Stone Soup version 0.27.1-35-g4d5d836560 (webtiles) character file.

Game seed: 10529664215800360522

27 Delamore the Sneak (level 3, 0/24 HPs)
             Began as an Octopode Brigand on Mar 18, 2022.
             Succumbed to an adder's poison
             ... on level 2 of the Dungeon.
             The game lasted 00:00:58 (960 turns).

Delamore the Sneak (Octopode Brigand)                Turns: 960, Time: 00:00:59

Health: 0/24       AC:  1    Str: 10    XL:     3   Next: 10%
Magic:  3/3        EV: 12    Int: 13    God:
Gold:   34         SH:  0    Dex: 14    Spells: 2/2 levels left

rFire    . . .     SeeInvis .   a - +2 dagger
rCold    . . .     Faith    .   (no shield)
rNeg     . . .     Spirit   .   (helmet restricted)
rPois    .         Reflect  .   (no amulet)
rElec    .         Harm     .   (no ring)
rCorr    .         Rampage  .   (no ring)
Will     .....                  (no ring)
Stlth    ++++......             (no ring)
HPRegen  0.08/turn              (no ring)
MPRegen  0.08/turn              (no ring)
                                (no ring)
                                (no ring)

@: lethally poisoned (0 -> -6)
A: almost no armour, amphibious, 8 rings, camouflage 1, gelatinous body 1,
(nimble swimmer 1), tentacles
a: no special abilities


You were on level 2 of the Dungeon.
You visited 1 branch of the dungeon, and saw 2 of its levels.

You collected 34 gold pieces.

Inventory:

Hand Weapons
 a - a +2 dagger (weapon)
Missiles
 b - 8 poisoned darts (quivered)
 c - 2 curare-tipped darts
Armour
 e - a +0 tower shield
Scrolls
 d - a scroll of amnesia {unknown}
 f - a scroll of fear {unknown}
 g - a scroll of blinking {unknown}
 i - a scroll of teleportation {unknown}
 k - a scroll of identify {unknown}
 l - a scroll of vulnerability {unknown}
Potions
 h - a potion of attraction {unknown}
 j - a potion of magic


   Skills:
 - Level 2.0 Fighting
 + Level 2.5 Short Blades
 - Level 2.0 Throwing
 - Level 1.0 Dodging
 * Level 6.4 Stealth


You had 2 spell levels left.
You didn't know any spells.
Your spell library contained the following spells:

 Spells                   Type           Power      Damage    Failure   Level
 Ignite Poison            Fire/Tmut/Pois 0%         N/A       67%         3
 Mephitic Cloud           Conj/Pois/Air  0%         N/A       67%         3
 Bolt of Magma            Conj/Fire/Erth 0%         4d4       100%        5


Dungeon Overview and Level Annotations

Branches:
Dungeon (2/15)

Altars:

Shops:
D:2 [


Innate Abilities, Weirdness & Mutations

You cannot wear most types of armour.
You are amphibious.
You can wear up to eight rings at the same time.
Your skin changes colour to match your surroundings (Stealth+).
Your rubbery body absorbs attacks. (AC +1, EV +1)
((You are camouflaged near water. (Stealth+)))
You have tentacles for arms and can constrict up to eight enemies at once.


Message History

The adder closely misses you.
You miss the adder. Your grab misses the adder.
The frilled lizard barely misses you. The adder bites you.
You hit the adder. Your grab misses the adder.
The adder is lightly wounded.
The adder bites you.
You are poisoned.
The adder poisons you! The frilled lizard closely misses you.
You closely miss the adder. Your grab misses the adder.
The adder is lightly wounded.
You feel sick. The adder closely misses you.
The frilled lizard barely misses you.
You hit the adder. Your grab misses the adder.
The adder is heavily wounded.
The adder bites you.
You are more poisoned.
The adder poisons you! The frilled lizard misses you.
The adder completely misses you.
You hit the adder. Your grab misses the adder.
The adder is severely wounded.
You feel sick. The frilled lizard bites you. The adder closely misses you.
You are too injured to fight recklessly!
You are too injured to fight recklessly!
You are too injured to fight recklessly!
You are too injured to fight recklessly!
You are too injured to fight recklessly!
You are too injured to fight recklessly!
You are too injured to fight recklessly!
You are too injured to fight recklessly!
You are too injured to fight recklessly!
You miss the adder. You grab the adder.
The adder is severely wounded.
You constrict the adder.
* * * LOW HITPOINT WARNING * * *
You feel sick. The adder bites you.
* * * LOW HITPOINT WARNING * * *
The frilled lizard bites you but does no damage.
It was a potion of magic.
Magic courses through your body.
You constrict the adder.
You die...

....# #............
.#..# ###.#..........
....# ####...#..........
###.###....#............
........###.............
..#..####...............
#.......................
####.#....#.............
####.#.#.....#..@l......
...#.........#..S.......
.........#............#.
......####.........##.#
... ....#.....# # ...
#..#.#...!.# ...
....#.....# ... .
###.##. ...


You could see an adder and a frilled lizard.

Vanquished Creatures
  2 dart slugs
  5 ball pythons
  4 bats (D:1)
  3 endoplasms (D:1)
  3 goblins (D:1)
  A hobgoblin (D:1)
  A frilled lizard (D:1)
  3 rats (D:1)
22 creatures vanquished.

Notes
Turn   | Place    | Note
-------+----------+-------------------------------------------
     0 | D:1      | Delamore the Octopode Brigand began the quest for the Orb.
     0 | D:1      | Reached XP level 1. HP: 14/14 MP: 1/1
   126 | D:1      | Reached XP level 2. HP: 19/19 MP: 2/2
   282 | D:1      | Reached skill level 6 in Stealth
   716 | D:1      | Reached XP level 3. HP: 24/24 MP: 3/3
   864 | D:2      | Found Lisezei's Antique Armour Emporium.
   959 | D:2      | HP: 1/24 [adder (5)]
   960 | D:2      | Succumbed to an adder's poison

Illustrated notes

Levels and vault maps discovered:
D:1:      minmay_arrival_open_corners, layout_basic, nrook_mini_backslash,
          st_stairs_6
D:2:      layout_rooms, serial_shops, nicolae_square_shop, cheibrodos_gnoll_hut

Skill      XL: |  1  2 |
---------------+-------+-----
Stealth        | 6 |  6.4
Fighting       | |  2.0
Short Blades   | |  2.5
Throwing       | |  2.0
Dodging        | |  1.0

Action                   || total
-------------------------++-------
Melee: Dagger            ||    39
       Tentacles         ||     4
       Constrict         ||     4
  Use: Potion            ||     1
 Stab: Sleeping          ||    12
Armor: Skin              ||     3
Dodge: Dodged            ||    23
